AoeStats
← Caronte

Black Forest

503166253Analyzed
4v4 RM · 1mo ago on Aug 30, 2026· 37m 53s· 8 players
Game mode
Random Map
Map size
Large (8 player)
Population
200
Speed
Normal
Resources
Standard
Victory
Conquest
Starting age
Dark Age
Ending age
Imperial Age
RankedLock teamsTeams togetherTeam positionsShared explorationLock speedFull tech treeHidden civsTurbo modeCheats
Victory
Defeat
🇨🇳 Turks · China
907
+14
🇦🇷 Ethiopians · Argentina
879
+15
🇨🇱 Portuguese · Chile
835
+17
🇨🇱 Vikings · Chile
829
+17
🇹🇼 Byzantines · Taiwan
894
-17
🇨🇳 Bohemians · China
852
-16
🇮🇹 Huns · Italy
847
-15
🇺🇸 Ethiopians · United States
846
-15
Memobunke
0:54 Loom
11:48 Feudal Age
12:50 Horse Collar
18:44 Castle Age
16:34 Double-Bit Axe
18:43 Stone Mining
18:52 Gold Mining
19:37 Bow Saw
20:03 Heavy Plow
20:56 Stone Shaft Mining
28:05 Caravan
36:32 Fervor
39:22 Imperial Age
37:00 Town Watch
37:57 Wheelbarrow
钠呐纳卡姆
10:49 Feudal Age
14:20 Wheelbarrow
19:31 Castle Age
17:40 Double-Bit Axe
25:52 Horse Collar
26:31 Bow Saw
27:54 Hand Cart
30:02 Gold Mining
30:04 Stone Mining
30:16 Heavy Plow
30:38 Padded Archer Armor
31:57 Gold Shaft Mining
31:45 Leather Archer Armor
34:27 Imperial Age
32:24 Town Watch
32:26 Loom
32:51 Caravan
33:05 Forging
33:09 Town Patrol
34:30 Treadmill Crane
35:01 Masonry
35:12 Ballistics
35:29 Conscription
35:41 Parthian Tactics
35:01 Elite Janissary
36:15 Thumb Ring
Caronte
0:47 Loom
12:14 Feudal Age
13:43 Wheelbarrow
12:47 Man-at-Arms
15:03 Horse Collar
23:01 Castle Age
22:06 Stone Mining
23:46 Padded Archer Armor
23:37 Fletching
23:44 Double-Bit Axe
24:53 Gold Mining
26:14 Bow Saw
25:52 Crossbowman
29:15 Hand Cart
28:46 Town Watch
30:31 Heavy Plow
37:00 Imperial Age
34:38 Thumb Ring
34:31 Bodkin Arrow
35:26 Leather Archer Armor
35:48 Town Patrol
36:15 Ballistics
36:27 Squires
36:12 Arson
37:29 Scale Mail Armor
37:39 Forging
38:14 Conscription
37:34 Arbalester
39:27 Chemistry
ElVarego
0:33 Loom
16:18 Feudal Age
17:24 Town Watch
17:56 Man-at-Arms
18:23 Arson
18:27 Horse Collar
18:35 Double-Bit Axe
20:09 Gold Mining
25:18 Forging
32:19 Castle Age
30:57 Scale Mail Armor
33:59 Bow Saw
34:12 Caravan
34:40 Long Swordsman
35:22 Squires
35:48 Chain Mail Armor
37:34 Town Patrol
38:00 Ballistics
marwenskio
12:47 Feudal Age
16:55 Castle Age
17:00 Double-Bit Axe
17:02 Horse Collar
18:16 Loom
19:08 Wheelbarrow
21:27 Hand Cart
20:57 Town Watch
24:11 Town Patrol
25:31 Bow Saw
25:27 Heavy Plow
25:42 Gold Mining
25:43 Stone Mining
27:58 Gold Shaft Mining
27:59 Stone Shaft Mining
37:03 Imperial Age
34:55 Fletching
35:06 Padded Archer Armor
36:08 Thumb Ring
35:24 Crossbowman
36:29 Ballistics
37:08 Arbalester
37:50 Bodkin Arrow
38:11 Leather Archer Armor
39:05 Chemistry
爺爺使把勁
9:29 Loom
12:28 Feudal Age
13:10 Double-Bit Axe
17:14 Castle Age
15:46 Horse Collar
18:32 Wheelbarrow
18:33 Bow Saw
19:37 Heavy Plow
25:15 Stone Mining
25:15 Gold Mining
29:22 Hand Cart
30:24 Gold Shaft Mining
30:24 Stone Shaft Mining
31:41 Fletching
35:45 Imperial Age
36:09 Bodkin Arrow
36:28 Fortified Wall
35:59 Treadmill Crane
36:40 Ballistics
36:00 Onager
37:43 Chemistry
Miccit88
0:32 Loom
13:42 Feudal Age
14:10 Double-Bit Axe
14:07 Horse Collar
23:25 Castle Age
21:20 Stone Mining
21:25 Gold Mining
24:45 Gold Shaft Mining
24:27 Forging
25:03 Bow Saw
26:47 Heavy Plow
27:51 Wheelbarrow
30:13 Caravan
Ehco
2:14 Loom
12:16 Feudal Age
18:58 Castle Age
Connection lost

Rejoining the realm…

Still unreachable

The connection could not be restored.

Session expired

The server has moved on; the page needs a fresh start.